 Dungeon Crawl Stone Soup version 0.27.1-2-g3b301248ec (webtiles) character file.

Game seed: 8062980604554971464

28 barney the Changer (level 2, -1/23 HPs)
             Began as a Draconian Transmuter on Oct 1, 2021.
             Shot with a bolt by a kobold (8 damage)
             ... on level 2 of the Dungeon.
             The game lasted 00:00:54 (1054 turns).

barney the Changer (Draconian Transmuter)           Turns: 1054, Time: 00:00:55

Health: -1/23      AC:  5    Str: 12    XL:     2   Next: 96%
Magic:  5/5        EV: 12    Int: 13    God:
Gold:   33         SH:  0    Dex: 11    Spells: 4/5 levels left

rFire    . . .     SeeInvis .   d - +0 whip
rCold    . . .     Faith    .   (no shield)
rNeg     . . .     Spirit   .   (armour unavailable)
rPois    .         Reflect  .   (helmet currently unavailable)
rElec    .         Harm     .   b - +0 cloak
rCorr    .         Rampage  .   (no gloves)
Will     .....                  (boots currently unavailable)
Stlth    +.........             (no amulet)
HPRegen  0.07/turn              (no ring)
MPRegen  0.09/turn              (no ring)

@: appendages (expiring)
A: horns 2, talons 2, AC +4, unfitting armour, cold-blooded
a: End Transformation


You were on level 2 of the Dungeon.
You had temporarily grown beastly horns and talons.
You visited 1 branch of the dungeon, and saw 2 of its levels.

You collected 33 gold pieces.

Inventory:

Hand Weapons
 d - a +0 whip (weapon)
Armour
 b - a +0 cloak (worn)
Scrolls
 a - a scroll of identify {unknown}
 c - a scroll of fog {unknown}
 e - 2 scrolls of immolation {unknown}
Potions
 f - a potion of heal wounds {unknown}


   Skills:
 - Level 1.1 Fighting
 - Level 1.7 Dodging
 - Level 3.0 Unarmed Combat
 - Level 2.0 Spellcasting
 + Level 3.5 Transmutations


You had 4 spell levels left.
You knew the following spells:

 Your Spells              Type           Power      Damage    Failure   Level
a - Beastly Appendage     Tmut           20%        N/A       6%          1

Your spell library contained the following spells:

 Spells                   Type           Power      Damage    Failure   Level
 Wereblood                Tmut           10%        N/A       9%          2
 Spider Form              Tmut/Pois      2%         N/A       36%         3
 Ice Form                 Ice/Tmut       5%         N/A       77%         4


Dungeon Overview and Level Annotations

Branches:
Dungeon (2/15)

Altars:


Innate Abilities, Weirdness & Mutations

You have temporarily grown beastly horns and talons.
Your plain brown scales are hard. (AC +4)
You cannot fit into any form of body armour.
You are cold-blooded and may be slowed by cold attacks.


Message History

The quokka bites you. The quokka closely misses you.
You closely miss the quokka.
The quokka is severely wounded.
The quokka closely misses you.
You barely miss the quokka.
The quokka is severely wounded.
The quokka bites you.
A goblin comes into view. It is wielding a +1 dagger of speed.
The goblin shouts!
You hit the quokka.
You kill the quokka!
The kobold unwields a +0 dagger.
The kobold wields a +0 hand crossbow.
The kobold shoots a bolt.
The bolt hits you.
You barely miss the ball python. Your headbutt misses the ball python.
The ball python is severely wounded.
The ball python misses you. The ball python barely misses you.
The ball python closely misses you. The ball python grabs you.
The ball python constricts you.
You closely miss the ball python.
The ball python is severely wounded.
The ball python bites you. The ball python constricts you.
You hit the ball python.
You kill the ball python!
A frilled lizard comes into view.
The kobold shoots a bolt.
The bolt hits you but does no damage.
The kobold unwields a +0 hand crossbow.
The kobold wields a +0 dagger.
The kobold closely misses you. The goblin barely misses you. x2
You see here a quokka corpse.
You closely miss the kobold. Your kick misses the kobold.
Your transformation is almost over.
The kobold hits you but does no damage.
The goblin hits you with a +1 dagger of speed.
You closely miss the kobold. Your kick misses the kobold.
Your headbutt misses the kobold. The goblin completely misses you.
The kobold hits you but does no damage.
The goblin hits you with a +1 dagger of speed.
An endoplasm comes into view.
The kobold unwields a +0 dagger.
The kobold wields a +0 hand crossbow.
The kobold shoots a bolt.
The bolt hits you!
You die...

# . (### ..#### #...J #
#..# #.###gl# #.$@†K.###
######)..## ##.....##
#.......## #..$.......
#.......###
.################.....##
..(....<.........#...##
################....##


You could see an endoplasm (wandering), a goblin, a kobold and a frilled lizard.

Vanquished Creatures
  A dart slug (D:2)
  2 endoplasms (D:1)
  2 giant cockroaches
  3 goblins
  2 hobgoblins (D:1)
  A quokka (D:2)
  2 ball pythons
  2 bats (D:1)
  3 frilled lizards (D:1)
  2 kobolds (D:1)
  4 rats (D:1)
24 creatures vanquished.

Notes
Turn   | Place    | Note
-------+----------+-------------------------------------------
     0 | D:1      | barney the Draconian Transmuter began the quest for the
                  | Orb.
     0 | D:1      | Reached XP level 1. HP: 16/16 MP: 3/3
   152 | D:1      | Found a faded altar of an unknown god.
   335 | D:1      | Reached XP level 2. HP: 19/23 MP: 3/5
  1054 | D:2      | Shot with a bolt by a kobold

Illustrated notes

Levels and vault maps discovered:
D:1:      psy_arrival_spokes, layout_rooms, basic_ecumenical_altar
D:2:      cheibrodos_fertilizer, layout_loops_ring, uniq_terence, uniq_sigmund

Skill      XL: |  1  2 |
---------------+-------+-----
Transmutations | 3 |  3.5
Fighting       | |  1.1
Dodging        | |  1.7
Unarmed Combat | |  3.0
Spellcasting   | |  2.0

Action                   || total
-------------------------++-------
Melee: Unarmed           ||    14
       Headbutt          ||     9
       Kick              ||     5
       Tailslap          ||     7
       Whip              ||    51
       Punch             ||     1
 Cast: Beastly Appendage ||    11
Armor: Skin              ||    33
Dodge: Dodged            ||    52
